 Dungeon Crawl Stone Soup version 0.32-a0-42-ga30500b4d3 (webtiles) character file.

Game seed: 12383129078457015492

26 KKCryptic the Cudgeller (level 2, -1/23 HPs)
             Began as a Minotaur Artificer on Jan 28, 2024.
             Succumbed to Crazy Yiuf's poison
             ... on level 2 of the Dungeon.
             The game lasted 00:04:03 (894 turns).

KKCryptic the Cudgeller (Minotaur Artificer)         Turns: 894, Time: 00:04:04

Health: -1/23      AC:  5    Str: 16    XL:     2   Next: 89%
Magic:  1/1        EV: 10    Int:  8    God:
Gold:   49         SH:  0    Dex: 10    Spells: 1/1 levels left

rFire   . . .        f - +0 mace
rCold   . . .        (no shield)
rNeg    . . .        a - +0 ring mail
rPois   .            (helmet restricted)
rElec   .            (no cloak)
rCorr   .            (no gloves)
SInv    .            (no boots)
Will    .....        (no amulet) Stlth
                     (no ring)
HPRegen 0.23/turn    (no ring)
MPRegen 0.07/turn

%: no passive effects
@: confused, lethally poisoned (-1 -> -25), ambrosia-drunk, hasted, very quick
A: horns 2, retaliatory headbutt
a: no special abilities


You were on level 2 of the Dungeon.
You visited 1 branch of the dungeon, and saw 2 of its levels.

You collected 49 gold pieces.

Inventory:

Hand Weapons
 f - a +0 mace (weapon)
Missiles
 l - 4 poisoned darts
Armour
 a - a +0 ring mail (worn)
Talismans
 h - a storm talisman
Wands
 c - a wand of flame (15) (quivered)
 d - a wand of charming (15)
 e - a wand of iceblast (5)
Scrolls
 b - 4 scrolls of identify {unknown}
 g - a scroll of enchant armour {unknown}
 m - a scroll of teleportation {unknown}
 n - a scroll of blinking {unknown}
 o - a scroll of immolation {unknown}
Potions
 k - a potion of mutation {unknown}


   Skills:
 - Level 1.2 Fighting
 + Level 3.2 Maces & Flails
 - Level 2.4 Armour
 - Level 1.1 Dodging
 - Level 0.7 Stealth
 - Level 2.6 Evocations


You had one spell level left.
You didn't know any spells.
Your spell library contained the following spells:

 Spells                   Type           Power      Damage    Failure   Level
 Stone Arrow              Conj/Erth      0%         3d7       94%         3
 Animate Armour           Summ/Erth      0%         N/A       100%        4
 Lehudib's Crystal Spear  Conj/Erth      0%         10d2      100%        8


Dungeon Overview and Level Annotations

Branches:
Dungeon (2/15)

Altars:

Annotations:
D:2 Crazy Yiuf


Innate Abilities, Weirdness & Mutations

You have a pair of horns on your head.
You reflexively headbutt those who attack you in melee.


Message History

o - a scroll labelled JEB GELAKLOS An endoplasm comes into view.
The endoplasm quivers.
Found 10 gold pieces.
The endoplasm closely misses you.
You hit the endoplasm.
The endoplasm is almost dead.
The endoplasm freezes you.
You are frozen.
The endoplasm freezes you.
You are frozen.
You hit the endoplasm.
You kill the endoplasm!
HP restored.
Found a ring mail.
You now have 49 gold pieces (gained 10).
Found a hammer.
Found a runed translucent door.
Crazy Yiuf shouts!
Crazy Yiuf says, "Spliff Xom cower!"
You open the door. You hit Crazy Yiuf.
Crazy Yiuf is moderately wounded.
Crazy Yiuf hits you with a +2 quarterstaff of chaos.
You are poisoned.
You closely miss Crazy Yiuf.
Crazy Yiuf is moderately wounded.
You feel very sick.
Crazy Yiuf hits you with a +2 quarterstaff of chaos!
* * * LOW HITPOINT WARNING * * *
You are more poisoned.
It was a potion of ambrosia.
You are confused.
You feel invigorated.
* * * LOW HITPOINT WARNING * * *
You feel very sick.
Crazy Yiuf hits you with a +2 quarterstaff of chaos.
* * * LOW HITPOINT WARNING * * *
You are more poisoned.
It was a potion of haste.
You feel yourself speed up.
You die...

♣♣♣♣♣### ###
♣♣♣.♣..#.##
#...#♣..♣.PP...##
#...g@♣♣♣♣^P....#####
#)..#♣♣ ♣♣P#.......#
### ♣♣###.###.##
#........ ##.##..##
##########.....#
..............#.#
###.###.####.#.## #
#.###.### #.##


You could see Crazy Yiuf.

Vanquished Creatures
  A dart slug (D:1)
  3 bats
  3 endoplasms
  A hobgoblin (D:1)
  A kobold (D:1)
  2 ball pythons
  A frilled lizard (D:1)
  6 goblins
  4 rats (D:1)
22 creatures vanquished.

Notes
Turn   | Place    | Note
-------+----------+-------------------------------------------
     0 | D:1      | KKCryptic the Minotaur Artificer began the quest for the
                  | Orb.
     0 | D:1      | Reached XP level 1. HP: 16/16 MP: 0/0
    78 | D:1      | Reached skill level 1 in Maces & Flails
   290 | D:1      | Reached skill level 2 in Maces & Flails
   290 | D:1      | Reached XP level 2. HP: 19/23 MP: 1/1
   555 | D:1      | Reached skill level 3 in Maces & Flails
   886 | D:2      | Found a runed translucent door.
   887 | D:2      | Noticed Crazy Yiuf
   893 | D:2      | HP: 1/23 [Crazy Yiuf/+2 quarterstaff of chaos (3)]
   894 | D:2      | Succumbed to Crazy Yiuf's poison

Illustrated notes

Levels and vault maps discovered:
D:1:      lemuel_arrival_hallway, layout_basic
D:2:      layout_loops_ring, uniq_crazy_yiuf_cottage

Skill      XL: |  1  2 |
---------------+-------+-----
Maces & Flails | 2 3 |  3.2
Fighting       | |  1.2
Armour         | |  2.4
Dodging        | |  1.1
Stealth        | |  0.7
Evocations     | |  2.6

Action                     || total
---------------------------++-------
  Melee: Mace              ||    40
         Headbutt          ||     5
    Use: Potion            ||     2
 Armour: Ring mail         ||    33
  Dodge: Dodged            ||    17

Table legend: (Time is in decaauts)
 A = Elapsed time spent in this place.
 B = Non-inter-level travel time spent in this place.
 C = Inter-level travel time spent in this place.
 D = Time resting spent in this place.
 E = Time spent auto-exploring this place.
 F = Levels seen in this place.
 G = Mean time per level.
                   A        B        C        D        E       F      G
               +--------+--------+--------+--------+--------+-----+--------+
         Total |    905 |    889 |     16 |      0 |    686 |   2 |  452.5 |
       Dungeon |    905 |    889 |     16 |      0 |    686 |   2 |  452.5 |
               +--------+--------+--------+--------+--------+-----+--------+

Top non-repeatable levels by time:
     D:1: 647 daAuts
     D:2: 257 daAuts
